 Dungeon Crawl Stone Soup version 0.31-a0-1576-ga3383bade6 (webtiles) character file.

Game seed: 11075529640750710655

4 Flugslaktarn the Apothecary (level 1, 0/11 HPs)
             Began as an Octopode Alchemist on Jan 4, 2024.
             Slain by a frilled lizard (3 damage)
             ... on level 1 of the Dungeon.
             The game lasted 00:00:09 (64 turns).

Flugslaktarn the Apothecary (Octopode Alchemist)      Turns: 64, Time: 00:00:10

Health: 0/11       AC:  1    Str:  7    XL:     1   Next: 70%
Magic:  1/3        EV: 13    Int: 17    God:
Gold:   23         SH:  0    Dex: 12    Spells: 3/4 levels left

rFire   . . .        e - +0 short sword
rCold   . . .        (no shield)
rNeg    . . .        (helmet restricted)
rPois   .            (no amulet)
rElec   .            (no ring)
rCorr   .            (no ring)
SInv    .            (no ring)
Will    .....        (no ring)
Stlth   +++          (no ring)
HPRegen 0.21/turn    (no ring)
MPRegen 0.08/turn    (no ring)
                     (no ring)

%: no passive effects
@: no status effects
A: almost no armour, amphibious, 8 rings, camouflage 1, gelatinous body 1,
(nimble swimmer 1), tentacles
a: no special abilities


You were on level 1 of the Dungeon.
You visited 1 branch of the dungeon, and saw 1 of its levels.

You collected 23 gold pieces.

Inventory:

Hand Weapons
 e - a +0 short sword (weapon)
   (You found it on level 1 of the Dungeon)
Scrolls
 b - a scroll of identify {unknown}
 d - 3 scrolls of teleportation {unknown}
Potions
 a - a potion of magic
 c - a potion of enlightenment {unknown}


   Skills:
 - Level 2.0 Dodging
 - Level 2.6 Stealth
 + Level 2.1 Spellcasting
 - Level 1.0 Conjurations
 * Level 3.5 Alchemy


You had 3 spell levels left.
You knew the following spells:

 Your Spells              Type           Power      Damage    Failure   Level
a - Sting                 Conj/Alch      36%        1d5       8%          1

Your spell library contained the following spells:

 Spells                   Type           Power      Damage    Failure   Level
 Mercury Vapours          Alch/Air       14%        N/A       14%         2
 Mephitic Cloud           Conj/Alch/Air  7%         N/A       30%         3
 Olgreb's Toxic Radiance  Alch           13%        N/A       41%         4
 Sticky Flame             Fire/Alch      7%         2d4       67%         4


Dungeon Overview and Level Annotations

Branches:
Dungeon (1/15)

Altars:


Innate Abilities, Weirdness & Mutations

You cannot wear most types of armour.
You are amphibious.
You can wear up to eight rings at the same time.
Your skin changes colour to match your surroundings (Stealth+).
Your rubbery body absorbs attacks. (AC +1, EV +1)
((You are camouflaged when in or above water. (Stealth+)))
You have tentacles for arms and can constrict up to eight enemies at once.


Message History

Welcome, Flugslaktarn the Octopode Alchemist.
Will you be the one to retrieve the breathtaking Orb of Zot from the depths?
Press ? for a list of commands and other information.
Found two leather armours, 6 javelins and 12 gold pieces.
Found a staircase leading out of the dungeon.
Okay, then.
A quokka comes into view.
A quokka is nearby!
A quokka is nearby!
You see here 12 gold pieces.
Casting: Sting (safe; 9% risk of failure)
Confirm with . or Enter, or press ? or * to list all spells.
Aiming: Sting (safe; 9% risk of failure)
Press: ? - help, Shift-Dir - straight line, f - quokka
Aim: a quokka (asleep, 100% to hit)
The sting hits the quokka.
The quokka is poisoned.
The quokka is heavily wounded.
Casting: Sting (safe; 9% risk of failure)
Confirm with . or Enter, or press ? or * to list all spells.
Aiming: Sting (safe; 9% risk of failure)
Press: ? - help, Shift-Dir - straight line, f/p - quokka
Aim: a quokka (severely wounded, poisoned, 56% to hit)
The sting hits the quokka.
The quokka looks even sicker.
The quokka is almost dead.
You barely miss the quokka. Your grab misses the quokka.
Your squeeze misses the quokka.
The quokka is almost dead.
The quokka barely misses you. The quokka attacks as it pursues you!
The quokka closely misses you.
You miss the quokka. You grab the quokka.
The quokka is almost dead.
You constrict the quokka.
You kill the quokka!
You now have 12 gold pieces.
You see here a quokka corpse.
Magic restored.
b - a scroll labelled VUAFFIBUIGG You now have 23 gold pieces (gained 11).
Found a short sword.
A frilled lizard comes into view.
You see here a fuming white potion.
The frilled lizard hisses angrily.
A goblin comes into view. It is wielding a +0 club.
You see here 3 scrolls labelled LACIAPL ZETIH.
You see here a fuming white potion.
c - a fuming white potion You see here 3 scrolls labelled LACIAPL ZETIH.
d - 3 scrolls labelled LACIAPL ZETIH
Casting: Sting (safe; 8% risk of failure)
Confirm with . or Enter, or press ? or * to list all spells.
Aiming: Sting (safe; 8% risk of failure)
Press: ? - help, Shift-Dir - straight line, f - frilled lizard
Aim: a frilled lizard (48% to hit)
The sting misses the frilled lizard.
The frilled lizard bites you.
Casting: Sting (safe; 8% risk of failure)
Confirm with . or Enter, or press ? or * to list all spells.
Aiming: Sting (safe; 8% risk of failure)
Press: ? - help, Shift-Dir - straight line, f/p - frilled lizard
Aim: a frilled lizard (48% to hit)
The sting misses the frilled lizard.
The frilled lizard barely misses you.
You closely miss the frilled lizard. Your grab misses the frilled lizard.
Your squeeze misses the frilled lizard. The frilled lizard misses you.
You miss the frilled lizard. You grab the frilled lizard.
You squeeze the frilled lizard.
You kill the frilled lizard!
You see here a frilled lizard corpse.
You see here a +0 short sword.
e - a +0 short sword (weapon)
Found a short runed staff.
Casting: Sting (safe; 8% risk of failure)
Confirm with . or Enter, or press ? or * to list all spells.
Aiming: Sting (safe; 8% risk of failure)
Press: ? - help, Shift-Dir - straight line, f - goblin
Aim: a goblin, wielding a +0 club (wandering, hasn't noticed you, 60% to hit)
The sting misses the goblin.
The goblin shouts!
You hear an angry hiss.
You hear a shout!
A goblin comes into view. It is wielding a +0 dagger.
You hit the goblin. You grab the goblin. You squeeze the goblin.
You kill the goblin!
A quokka comes into view.
Casting: Sting (safe; 8% risk of failure)
Confirm with . or Enter, or press ? or * to list all spells.
You don't have enough magic to cast this spell.
You see here a +0 club.
A goblin and a frilled lizard come into view.
The goblin barely misses you.
You hit the goblin but do no damage. Your grab misses the goblin.
A giant cockroach comes into view.
The quokka bites you. The goblin barely misses you.
You hit the goblin.
You kill the goblin!
The quokka bites you.
The giant cockroach waves its antennae.
The quokka bites you.
* * * LOW HITPOINT WARNING * * *
The frilled lizard bites you.
You die...

. ... # #.# # # # #.# .
.# # #.# .# #|# ###.# .#
#..# ##..##########
#g##.#.# .............#
.B....#
.............####lr.#
............†...@.#
..............###......#
..............# ###.#.##
.♣..♣.........# .#
≈≈≈≈≈§§♣..♣..## #
.[(..§≈≈≈≈≈≈.#
......§......#
.§....≈≈≈≈≈≈..
≈≈≈≈≈§.♣..♣..


You could see a quokka, a giant cockroach and a frilled lizard.

Vanquished Creatures
  2 goblins (D:1)
  A quokka (D:1)
  A frilled lizard (D:1)
4 creatures vanquished.

Notes
Turn   | Place    | Note
-------+----------+-------------------------------------------
     0 | D:1      | Flugslaktarn the Octopode Alchemist began the quest for the
                  | Orb.
     0 | D:1      | Reached XP level 1. HP: 11/11 MP: 3/3
    64 | D:1      | Slain by a frilled lizard

Illustrated notes

Levels and vault maps discovered:
D:1:      orjb1_lava_funnel, layout_loops_ring, minmay_small_reverse_x

Action                     || total
---------------------------++-------
  Melee: Unarmed           ||     4
         Short sword       ||     3
         Constrict         ||     3
         Tentacles         ||     2
   Cast: Sting             ||     5
 Armour: Skin              ||     5
  Dodge: Dodged            ||     6

Table legend: (Time is in decaauts)
 A = Elapsed time spent in this place.
 B = Non-inter-level travel time spent in this place.
 C = Inter-level travel time spent in this place.
 D = Time resting spent in this place.
 E = Time spent auto-exploring this place.
 F = Levels seen in this place.
 G = Mean time per level.
                   A        B        C        D        E       F      G
               +--------+--------+--------+--------+--------+-----+--------+
         Total |     63 |     63 |      0 |      0 |     29 |   1 |   63.0 |
       Dungeon |     63 |     63 |      0 |      0 |     29 |   1 |   63.0 |
               +--------+--------+--------+--------+--------+-----+--------+

Top non-repeatable levels by time:
     D:1: 63 daAuts
